Unix NetHack Version 3.7.0-94 Work-in-progress - last build Dec 18 2023 00:11:04 (7e3deff068b9ef4f2ebb9a71ea0f5c4a3b578a14,branch:master). Game began 2023-12-23 01:00:28, ended 2023-12-23 01:06:00. Arasaka, chaotic female orcish Rogue -------------- -........<...-- --------...--- |>----G.- |*....-... ---......-- --....... -----...... -......| -...--- - -- Arasaka the Cutpurse St:16 Dx:16 Co:16 In:8 Wi:8 Ch:11 Chaotic Dlvl:4 $:28 HP:0(33) Pw:13(13) AC:3 Xp:4/88 T:1124 Satiated Burdened Latest messages: You kill the gnome! You hit the gnome lord. Behemoth bites the gnome lord. The gnome lord swings his crossbow at Behemoth. The gnome lord misses Behemoth. The gnome lord swings his crossbow. The gnome lord hits! Behemoth misses the gnome lord. You kill the gnome lord! Behemoth eats a gnome lord corpse. The gnome throws an orcish dagger! An orcish dagger misses you. You miss the gnome. You hear some noises in the distance. You hit the gnome! The gnome misses! You kill the gnome! Welcome to experience level 4. You have a little trouble lifting a food ration. Continue? [ynq] (q) You learn more about your items by comparing them. You have a little trouble lifting g - an uncursed food ration (2 in total). Your movements are slowed slightly because of your load. The gnome lord reads a scroll labeled KIRJE! The gnome lord vanishes! You learn more about your items by comparing them. You have a little trouble lifting b - an uncursed +0 orcish dagger (at the ready) (12 in total). You hear some noises in the distance. What do you want to take off? [ku or ?*] You hear some noises in the distance. You finish taking off your mail. What do you want to wear? [k or ?*] You finish your dressing maneuver. Behemoth misses the dwarf. Behemoth misses the dwarf. Behemoth misses the dwarf. Behemoth misses the dwarf. You hear some noises in the distance. You try to move the boulder, but in vain. You try to move the boulder, but in vain. You see here a yellow gem. You hit the gnome! The gnome hits! You kill the gnome! You see here a gnome corpse. You climb up the stairs. The gnome zaps an ebony wand! The bolt of cold hits you! The gnome zaps a wand of cold! The bolt of cold hits you! You die... Inventory: Coins ('$') $ - 28 gold pieces Weapons (')') b - 12 uncursed +0 orcish daggers (at the ready) a - an uncursed +0 orcish short sword (weapon in right hand) Armor ('[') u - a cursed -1 pair of iron shoes (being worn) k - an uncursed +0 splint mail (being worn) Comestibles ('%') g - 2 uncursed food rations h - an uncursed pancake r - an uncursed tripe ration Potions ('!') w - an uncursed potion of invisibility Wands ('/') o - an uncursed wand of digging (0:4) Tools ('(') z - an uncursed sack containing 4 items e - an uncursed lock pick v - an uncursed +0 pick-axe Gems/Stones ('*') p - an uncursed worthless piece of white glass Contents of the sack: an uncursed potion of extra healing an uncursed potion of healing a blessed potion of restore ability an uncursed potion of sickness Arasaka the Rogue's attributes: Background: You were a Cutpurse, a level 4 female orcish Rogue. You were chaotic, nominally on a mission for Kos who was opposed by Issek (lawful) and Mog (neutral). You were right-handed. You were in the Gnomish Mines, on level 4. You entered the dungeon 1124 turns ago. It was nighttime. You had 88 experience points, 72 more were needed to attain level 5. Basics: You had 0 out of 33 hit points. You had all 13 energy points (spell power). Your armor class was 3. Your wallet contained 28 zorkmids. Autopickup was on for '$"?' plus thrown, with exceptions. Final Characteristics: Your strength was 16 (limit:18/50). Your dexterity was 16 (peak:17, limit:18). Your constitution was 16 (limit:18). Your intelligence was 8 (limit:16). Your wisdom was 8 (limit:16). Your charisma was 11 (limit:16). Final Status: You were satiated. You were burdened; movement was slightly slowed. You were wielding a short sword. You had basic skill with short sword. Final Attributes: You were devoutly aligned. You were poison resistant. You had infravision. You were stealthy. You were warded. You are dead. Miscellaneous: You disabled loading of bones levels. Total elapsed playing time was 5 minutes and 31 seconds. Major events: Turn 1: Arasaka the chaotic female orcish Rogue entered the dungeon 830: entered the Gnomish Mines 1020: attained the rank of Cutpurse (level 3) 1124: killed by a bolt of cold zapped by a gnome Vanquished creatures: a shrieker 2 gnome leaders 2 dwarves 6 gnomes 7 jackals a fox 8 grid bugs 4 lichens a newt 32 creatures vanquished. No species were genocided or became extinct. Voluntary challenges: You were an atheist. You read items or engraved 4 times. You never engraved Elbereth. You never genocided any monsters. You never polymorphed an object. You never changed form. You used no wishes. Achievements: You entered the Gnomish Mines. You entered a shop. You attained the rank of Cutpurse. The Dungeons of Doom: levels 1 to 4 Level 1: Level 2: A fountain, a grave. Level 3: "wands" A wand shop. Stairs down to The Gnomish Mines. Level 4: The Gnomish Mines: levels 4 to 5 Level 4: <- You were here. Final resting place for you, killed by a bolt of cold zapped by a gnome. Level 5: Game over: ---------- / \ / REST \ / IN \ / PEACE \ / \ | Arasaka | | 28 Au | | killed by a bolt | | of cold zapped | | by a gnome | | | | 2023 | *| * * * | * _________)/\\_//(\/(/\)/\//\/|_)_______ Goodbye Arasaka the Rogue... You died in The Gnomish Mines on dungeon level 4 with 608 points, and 28 pieces of gold, after 1124 moves. You were level 4 with a maximum of 33 hit points when you died.